 Dungeon Crawl Stone Soup version 0.20.1-1-g8b1a95d (webtiles) character file.

42 MDKed the Magician (level 3, -2/25 HPs)
             Began as a Mummy Fire Elementalist on July 16, 2017.
             Slain by a hound (4 damage)
             ... on level 4 of the Dungeon.
             The game lasted 00:10:02 (1955 turns).

MDKed the Magician (Mummy Fire Elementalist)        Turns: 1955, Time: 00:10:02

Health: -2/25      AC:  3    Str: 11    XL:     3   Next: 35%
Magic:  0/7        EV: 12    Int: 15    God:
Gold:   97         SH:  0    Dex: 12    Spells: 5/8 levels left

rFire    x . .     SeeInvis .   (no weapon)
rCold    + . .     Gourm    .   (no shield)
rNeg     + + +     Faith    .   c - +1 robe {MR+}
rPois    ∞         Spirit   .   (no helmet)
rElec    .         Reflect  .   (no cloak)
rCorr    .         Harm     .   (no gloves)
MR       +....                  (no boots)
Stlth    ++........             (no amulet)
Regen    0.1/turn               (no ring)
MPRegen  0.1/turn               (no ring)

@: very slightly contaminated
A: no food or potions, fire vulnerability, cold resistance 1, negative energy
resistance 3, torment resistance, unbreathing
a: no special abilities


You were on level 4 of the Dungeon.
You were not hungry.

You visited 1 branch of the dungeon, and saw 3 of its levels.

You collected 97 gold pieces.

Inventory:

Armour
 a - a +0 robe
 c - a +1 robe of magic resistance (worn)
Scrolls
 d - a scroll of identify
 e - a scroll of remove curse {unknown}
 f - a scroll of teleportation
Books
 b - a book of Flames

   Spells                             Type                      Level
   a - Flame Tongue                   Conjuration/Fire             1
   b - Throw Flame                    Conjuration/Fire             2
   c - Conjure Flame                  Conjuration/Fire             3
   d - Inner Flame                    Hexes/Fire                   3
   e - Sticky Flame                   Conjuration/Fire             4
   f - Fireball                       Conjuration/Fire             5


   Skills:
 + Level 0.4 Fighting
 + Level 1.7 Dodging
 + Level 1.6 Stealth
 + Level 0.1 Unarmed Combat
 * Level 3.3 Spellcasting
 + Level 1.0 Conjurations
 * Level 3.0 Fire Magic


You had 5 spell levels left.
You knew the following spells:

 Your Spells              Type           Power        Failure   Level  Hunger
x - Throw Flame           Conj/Fire      #.....       13%         2    N/A
z - Flame Tongue          Conj/Fire      #....        9%          1    N/A

Dungeon Overview and Level Annotations

Branches:
Dungeon (2/15)

Altars:


Innate Abilities, Weirdness & Mutations

You do not eat or drink.
Your flesh is vulnerable to fire.
You are immune to poison.
Your flesh is cold resistant. (rC+)
You are immune to negative energy. (rN+++)
You are immune to unholy pain and torment.
You can survive without breathing.


Message History

Press: ? - help, Shift-Dir - straight line, f/p - hound
Aim: a hound (heavily wounded)
You miscast Flame Tongue.
Your bandages flutter.
The hound barely misses you. The hound bites you. The hound bites you.
The hound bites you. The hound bites you.
* * * LOW HITPOINT WARNING * * *
The hound bites you but does no damage. The hound misses you.
Casting: Flame Tongue
Confirm with . or Enter, or press ? or * to list all spells.
Aiming: Flame Tongue
Press: ? - help, Shift-Dir - straight line, f/p - hound
Aim: a hound (moderately wounded)
The flame tongue misses the hound.
The hound misses you. The hound bites you.
* * * LOW HITPOINT WARNING * * *
Unknown command.
The hound bites you.
You die...

#...##........###..
##...#...........#
.......##.....####
........##....#
#.............# #
[.#...........## .##.
.##.........#..### .....
.#....##....###h.#.....#
#..##.##....# ##@......#
... ###..#.### ##.......
... #.......###........
#...##.........####..
..## ##.##.....# . ..#
#.###...## .. ..# ...#
#..# ....# #..# .....#


You could see a hound.

Vanquished Creatures
  An adder (D:2)
  A leopard gecko (D:4)
  A ball python (D:1)
  2 giant cockroaches
  5 goblins (D:1)
  5 hobgoblins
  3 jackals (D:1)
  4 bats
  A frilled lizard (D:1)
  A kobold (D:1)
  5 rats
29 creatures vanquished.

Notes
Turn   | Place    | Note
-------+----------+-------------------------------------------
     0 | D:1      | MDKed the Mummy Fire Elementalist began the quest for the Orb.
     0 | D:1      | Reached XP level 1. HP: 13/13 MP: 4/4
   305 | D:1      | Reached XP level 2. HP: 19/19 MP: 1/5
   558 | D:1      | Learned a level 2 spell: Throw Flame
  1506 | D:2      | Reached skill level 1 in Conjurations
  1506 | D:2      | Reached XP level 3. HP: 8/24 MP: 0/7
  1848 | D:2      | You fall through a shaft for 2 floors!
  1953 | D:4      | HP: 1/25 [hound (5)]
  1955 | D:4      | Slain by a hound

Skill      XL: |  1  2 |
---------------+-------+-----
Spellcasting   | 3 |  3.3
Fire Magic     | 3 |  3.0
Conjurations   | 1 |  1.0
Fighting       | |  0.4
Dodging        | |  1.7
Stealth        | |  1.6
Unarmed Combat | |  0.1

Action                   || total
-------------------------++-------
Melee: Unarmed           ||     2
 Cast: Flame Tongue      ||    36
       Throw Flame       ||    18
  Use: Scroll            ||     5
Armor: Robe              ||     7
Dodge: Dodged            ||    25
